 Dungeon Crawl Stone Soup version 0.27.1 (webtiles) character file.

Game seed: 14008326849302789346

1 Descartes the Skirmisher (level 1, -1/10 HPs)
             Began as a Felid Wanderer on Aug 25, 2021.
             Slain by a goblin (4 damage)
             ... on level 1 of the Dungeon.
             The game lasted 00:00:32 (99 turns).

Descartes the Skirmisher (Felid Wanderer)             Turns: 99, Time: 00:00:33

Health: -1/10      AC:  1    Str:  9    XL:     1   Next: 16%
Magic:  2/5        EV: 15    Int: 13    God:
Gold:   0          SH:  0    Dex: 14    Spells: 4/6 levels left
                                        Lives:  0   Deaths: 0

rFire    . . .     SeeInvis +   (weapon unavailable)
rCold    . . .     Faith    .   (shield unavailable)
rNeg     . . .     Spirit   .   (armour unavailable)
rPois    .         Reflect  .   (helmet unavailable)
rElec    .         Harm     .   (cloak unavailable)
rCorr    .         Rampage  .   (gloves unavailable)
Will     .....                  (boots unavailable)
Stlth    ++........             (no amulet)
HPRegen  0.03/turn              (no ring)
MPRegen  0.09/turn              (no ring)

@: quick
A: very small, claws 1, fangs 3, see invisible, speed 1, shaggy fur 1, stealthy
paws, no weapons or thrown items, no armour, multi-lived
a: no special abilities


You were on level 1 of the Dungeon.
You visited 1 branch of the dungeon, and saw 1 of its levels.

Inventory:

Scrolls
 a - a scroll of amnesia {unknown}


   Skills:
 - Level 3.0 Fighting
 + Level 2.9 Stealth
 - Level 3.0 Spellcasting
 - Level 1.5 Hexes
 - Level 1.0 Necromancy


You had 4 spell levels left.
You knew the following spells:

 Your Spells              Type           Power      Damage    Failure   Level
a - Animate Skeleton      Necr           8%         N/A       16%         1
b - Pain                  Necr           16%        1d4       16%         1

Your spell library contained the following spells:

 Spells                   Type           Power      Damage    Failure   Level
 Summon Small Mammal      Summ           4%         N/A       22%         1
 Vampiric Draining        Necr           2%         2d6       41%         3
 Call Canine Familiar     Summ           1%         N/A       56%         3
 Animate Dead             Necr           2%         N/A       83%         4
 Agony                    Necr           4%         N/A       99%         5


Dungeon Overview and Level Annotations

Branches:
Dungeon (1/15)

Altars:


Innate Abilities, Weirdness & Mutations

You have sharp claws.
You have razor-sharp teeth.
You have supernaturally acute eyesight. (SInv)
You cover ground quickly. (Speed+)
You are covered in fur. (AC +1)
Your paws help you pounce on unaware monsters.
You are incapable of wielding weapons or throwing items.
You cannot wear armour.
You gain extra lives every three experience levels.


Message History

Confirm with . or Enter, or press ? or * to list all spells.
Aiming: Pain (safe; 16% risk of failure)
Press: ? - help, Shift-Dir - straight line, f - goblin
Aim: a goblin, wielding a +0 club (asleep, chance to affect: 62%)
You miscast Pain.
You are very lightly contaminated with residual magic.
Nothing appears to happen.
Casting: Pain (safe; 16% risk of failure)
Confirm with . or Enter, or press ? or * to list all spells.
Aiming: Pain (safe; 16% risk of failure)
Press: ? - help, Shift-Dir - straight line, f/p - goblin
Aim: a goblin, wielding a +0 club (asleep, chance to affect: 62%)
The goblin shouts!
The goblin writhes in agony.
The goblin shouts!
You scratch the goblin.
You kill the goblin!
Things that are here:
a +0 club; a goblin corpse
Casting: Pain (safe; 16% risk of failure)
Confirm with . or Enter, or press ? or * to list all spells.
Aiming: Pain (safe; 16% risk of failure)
Press: ? - help, Shift-Dir - straight line, f - goblin
Aim: a goblin, wielding a +0 club (chance to affect: 62%)
The goblin resists with significant effort.
The goblin misses you.
You closely miss the goblin. The goblin hits you with a +0 club.
Ouch! That really hurt!
* * * LOW HITPOINT WARNING * * *
You scratch the goblin.
The goblin is moderately wounded.
The goblin closely misses you.
You barely miss the goblin.
The goblin is moderately wounded.
The goblin misses you.
Your magical contamination has completely faded away.
You barely miss the goblin.
The goblin is moderately wounded.
The goblin hits you with a +0 club.
You die...

... ..# ##..###
#.....# #$..?.#
#.....# #...g.#
#.#... #...@.#
#.#..###########.##
#.#..#............#
#.#..##.#######.#.#
#.#..##.# #.....
#.#..##.# ###..##
#.#..##.# ....
#.#..##.# ..###
........# ..#


You could see a goblin.

Vanquished Creatures
  A goblin (D:1)
1 creature vanquished.

Notes
Turn   | Place    | Note
-------+----------+-------------------------------------------
     0 | D:1      | Descartes the Felid Wanderer began the quest for the Orb.
     0 | D:1      | Descartes set off with the following items: ; and the
                  | following spells available to memorise: Animate Skeleton,
                  | Pain, Summon Small Mammal, Vampiric Draining, Call Canine
                  | Familiar, Animate Dead, Agony
     0 | D:1      | Reached XP level 1. HP: 10/10 MP: 5/5
    14 | D:1      | Learned a level 1 spell: Animate Skeleton
    16 | D:1      | Learned a level 1 spell: Pain
    99 | D:1      | Slain by a goblin

Illustrated notes

Levels and vault maps discovered:
D:1:      minmay_arrival_jagged, layout_basic

Action                   || total
-------------------------++-------
Melee: Unarmed           ||     5
 Cast: Pain              ||     2
Dodge: Dodged            ||     3
